Description

This buildorder allows you to build up while preparing the Dark Templars to attack. It may take practice and refinement, but it is a basic pattern that can be used by beginners. Don't forget to also adapt your strategy to the game factors and your opponent's moves.

This buildorder was built around a common Protoss vs. Zerg strategy and includes elements that meet the requirements of a Dark Templars vs. Chiz game. It combines economic development (base expansion), army training (Zealots, Adepts, Dark Templars, Archons) and important technologies (Twilight Council, Templar Archives). The build orderer can be adapted and changed depending on your play style and your opponent's reaction.

this is build writted by AI ChatGPT

Build Order

Get SALT Encoding   

  14  0:01  Pylon  
  16  0:02  Gateway  
  16  0:03  Assimilator  
  19  0:04  Nexus  
  19  0:05  Cybernetics Core  
  20  0:06  Zealot  
  22  0:07  Pylon  
  23  0:08  Adept  
  25  0:09  Twilight Council  
  27  0:10  Warp Gate (Chrono Boost)  
  29  0:11  Dark Shrine  
  31  0:12  Pylon  
  31  0:13  Stalker  
  33  0:14  Dark Templar (Chrono Boost)  
  33  0:15  Dark Templar (Chrono Boost)  
  37  0:16  Pylon  
  37  0:17  Nexus  
  37  0:18  Robotics Facility  
  38  00:19  Gateway  
  38  00:20  Gateway  
  40  00:21  Observer  
  43  00:22  Gateway  
  43  00:23  Gateway  
  45  00:24  Charge  
  47  00:25  Templar Archives  
  51  00:26  High Templar  
  51  00:27  High Templar  
  55  00:28  Archon  
  59  00:29  Nexus  
Spawning Tool Build Advisor. Get it on Overwolf

Go to:

Details

  • Created by: Cronos
  • Published on: May 14, 2023
  • Modified on: May 14, 2023
  • Patch: 5.0.11
  • Difficulty: Easy
Show
View Real Time Build Order
Export as new Build Order

Comments (1)

On May 14, 2023, 6:53 p.m., Cronos  said:

47 Templar Archives
51 High Templar x2
55 Archon
59 Expand

Create an account to comment!